 Dungeon Crawl Stone Soup version 0.29-a0-284-gf9362112df (webtiles) character file.

Game seed: 16293205260078679937

32 being54 the Sneak (level 3, -1/16 HPs)
             Began as a Spriggan Enchanter on Mar 23, 2022.
             Slain by a gnoll
             ... wielding a +0 spear
              (3 damage)
             ... on level 2 of the Dungeon.
             The game lasted 00:01:44 (1483 turns).

being54 the Sneak (Spriggan Enchanter)              Turns: 1483, Time: 00:01:45

Health: -1/16      AC:  3    Str:  4    XL:     3   Next: 10%
Magic:  3/8        EV: 17    Int: 16    God:
Gold:   94         SH:  0    Dex: 17    Spells: 5/7 levels left

rFire   . . .      SeeInvis +   a - +1 dagger
rCold   . . .      Faith    .   (no shield)
rNeg    . . .      Spirit   .   b - +1 robe
rPois   .          Reflect  .   (helmet restricted)
rElec   .          Harm     .   (no cloak)
rCorr   .          Rampage  .   (gloves unavailable)
Will    .....                   (boots unavailable)
Stlth   +++.......              (no amulet)
HPRegen 0.05/turn               (no ring)
MPRegen 0.11/turn               (no ring)

@: very slightly contaminated, very quick
A: very small, no large weapons, unfitting armour, see invisible, speed 3
a: no special abilities


You were on level 2 of the Dungeon.
You visited 1 branch of the dungeon, and saw 2 of its levels.

You collected 94 gold pieces.

Inventory:

Hand Weapons
 a - a +1 dagger (weapon)
Armour
 b - a +1 robe (worn)
Jewellery
 g - a ring of fire
Potions
 c - 2 potions of invisibility
 d - 2 potions of curing {unknown}
 e - 2 potions of mutation {unknown}
 f - a potion of berserk rage {unknown}


   Skills:
 - Level 1.1 Short Blades
 - Level 2.6 Dodging
 + Level 6.6 Stealth
 - Level 2.6 Spellcasting
 - Level 3.6 Hexes


You had 5 spell levels left.
You knew the following spells:

 Your Spells              Type           Power      Damage    Failure   Level
a - Ensorcelled Hibernat  Hex/Ice        14%        N/A       14%         2

Your spell library contained the following spells:

 Spells                   Type           Power      Damage    Failure   Level
 Confusing Touch          Hex            13%        N/A       13%         3
 Tukima's Dance           Hex            13%        N/A       13%         3
 Dazzling Flash           Conj/Hex       14%        N/A       28%         3


Dungeon Overview and Level Annotations

Branches:
Dungeon (2/15)

Altars:


Innate Abilities, Weirdness & Mutations

You are very small and have problems with some larger weapons.
You are too small for most types of armour.
You have supernaturally acute eyesight. (SInv)
You cover ground extremely quickly. (Speed+++)


Message History

You miscast Ensorcelled Hibernation.
You are very lightly contaminated with residual magic.
Nothing appears to happen.
The ball python misses you. The ball python closely misses you.
Unknown command.
You barely miss the ball python. The ball python misses you.
The ball python closely misses you.
The gnoll hits you from afar with a +0 spear.
The ball python closely misses you. The ball python grabs you.
The ball python constricts you.
You closely miss the ball python.
The gnoll hits you from afar with a +0 spear.
The ball python barely misses you. The ball python constricts you.
* * * LOW HITPOINT WARNING * * *
You escape the ball python's grasp.
There is an open door here.
Casting: Ensorcelled Hibernation (safe; 14% risk of failure)
Confirm with . or Enter, or press ? or * to list all spells.
Aiming: Ensorcelled Hibernation (safe; 14% risk of failure)
Press: ? - help, Shift-Dir - straight line, f/p - ball python
Aim: a ball python (chance to affect: 58%)
The ball python looks drowsy...
The gnoll barely misses you.
You hit the ball python.
You kill the ball python!
Casting: Ensorcelled Hibernation (safe; 14% risk of failure)
Confirm with . or Enter, or press ? or * to list all spells.
Aiming: Ensorcelled Hibernation (safe; 14% risk of failure)
Press: ? - help, Shift-Dir - straight line, f - gnoll
Aim: a gnoll, wielding a +0 spear (chance to affect: 50%)
The gnoll looks drowsy...
The gnoll barely misses you.
You see here a ball python corpse.
You hit the gnoll.
The gnoll is lightly wounded.
The gnoll closely misses you.
The gnoll hits you from afar with a +0 spear.
* * * LOW HITPOINT WARNING * * *
The gnoll hits you from afar with a +0 spear.
You die...

#.##...<...## #..##
#.#.........####...#####
............'...........
.............####...#####
##.##.......#......## ...
##.....##.###..# ##
#....###.# #..#
......#'## #.# #...
#######@# #.# ##.# #†#
#.# #. #g# #.# .g. #..
..... ... .#.>.## ..#...#
#. #...# # ....#


You could see 2 gnolls.

Vanquished Creatures
  An adder (D:2)
  3 bats
  An endoplasm (D:1)
  A giant cockroach (D:1)
  3 goblins (D:1)
  3 hobgoblins
  3 kobolds
  A quokka (D:2)
  2 ball pythons
  A frilled lizard (D:1)
  3 rats (D:1)
22 creatures vanquished.

Notes
Turn   | Place    | Note
-------+----------+-------------------------------------------
     0 | D:1      | being54 the Spriggan Enchanter began the quest for the Orb.
     0 | D:1      | Reached XP level 1. HP: 9/9 MP: 5/5
    57 | D:1      | Found a faded altar of an unknown god.
   133 | D:1      | Reached skill level 5 in Stealth
   245 | D:1      | Reached XP level 2. HP: 13/13 MP: 6/6
   270 | D:1      | Learned a level 2 spell: Ensorcelled Hibernation
  1000 | D:2      | Reached skill level 6 in Stealth
  1366 | D:2      | Reached XP level 3. HP: 12/16 MP: 8/8
  1483 | D:2      | Slain by a gnoll

Illustrated notes

Levels and vault maps discovered:
D:1:      psy_arrival_spokes, layout_loops_ring,
          hellmonk_ecumenical_altar_heavens_door, minmay_stone_trees_small,
          dreamdust_princess_bridge, corexii_leaking_fountain
D:2:      layout_loops_corners, basic_altar

Skill      XL: |  1  2 |
---------------+-------+-----
Stealth        | 5 6 |  6.6
Short Blades   | |  1.1
Dodging        | |  2.6
Spellcasting   | |  2.6
Hexes          | |  3.6

Action                   || total
-------------------------++-------
Melee: Dagger            ||    73
       Punch             ||     3
 Cast: Ensorcelled Hiber ||     2
  Use: Scroll            ||     1
 Stab: Sleeping          ||     5
       Distracted        ||     1
Armor: Robe              ||     5
Dodge: Dodged            ||    51

Table legend: (Time is in decaauts)
 A = Elapsed time spent in this place.
 B = Non-inter-level travel time spent in this place.
 C = Inter-level travel time spent in this place.
 D = Time resting spent in this place.
 E = Time spent auto-exploring this place.
 F = Levels seen in this place.
 G = Mean time per level.
                   A        B        C        D        E       F      G
               +--------+--------+--------+--------+--------+-----+--------+
         Total |   1130 |   1097 |     33 |    442 |    506 |   2 |  565.0 |
       Dungeon |   1130 |   1097 |     33 |    442 |    506 |   2 |  565.0 |
               +--------+--------+--------+--------+--------+-----+--------+

Top non-repeatable levels by time:
     D:1: 672 daAuts
     D:2: 458 daAuts
